AoeStats
← mihai.flacaul

Arabia

509134839Analyzed
1v1 RM · 8d ago on Sep 25, 2026· 42m 4s· 2 players
Game mode
Random Map
Map size
Tiny (2 player)
Population
200
Speed
Normal
Resources
Standard
Victory
Conquest
Starting age
Dark Age
Ending age
Imperial Age
RankedLock teamsTeams togetherTeam positionsShared explorationLock speedFull tech treeHidden civsTurbo modeCheats
Victory
Defeat
🇷🇴 Varangians · Romania
1575
+12
🇨🇷 Wei · Costa Rica
1479
-12
Tico
5:57 Loom
9:32 Feudal Age
10:22 Double-Bit Axe
14:37 Horse Collar
17:41 Wheelbarrow
20:23 Castle Age
18:58 Fletching
19:08 Padded Archer Armor
21:07 Gold Mining
21:21 Bodkin Arrow
21:46 Bow Saw
23:22 Thumb Ring
25:09 Bloodlines
27:54 Leather Archer Armor
30:19 Ballistics
37:41 Imperial Age
37:39 Pikeman
38:20 Squires
38:55 Parthian Tactics
39:54 Chemistry
39:43 Bracer
mihai.flacaul
6:39 Loom
9:12 Feudal Age
10:01 Double-Bit Axe
12:38 Horse Collar
17:12 Wheelbarrow
20:01 Castle Age
18:25 Gold Mining
18:42 Stone Mining
19:16 Scale Barding Armor
20:54 Bow Saw
20:47 Heavy Plow
21:45 Chain Barding Armor
21:37 Bloodlines
22:46 Forging
25:42 Husbandry
28:05 Iron Casting
37:59 Imperial Age
35:59 Hand Cart
36:40 Town Watch
39:03 Conscription
39:23 Plate Barding Armor
38:59 Elite Jarl
Connection lost

Rejoining the realm…

Still unreachable

The connection could not be restored.

Session expired

The server has moved on; the page needs a fresh start.